Map: Prion Terraces

Players

Meteora

  • Race: Terran Terran
  • League: Silver

lesha - Winner!

  • Race: Terran Terran
  • League: Silver

VOD

Have the link to the VOD?

Description

Time

  • Played on: Dec. 24, 2015, 10:18 a.m.
  • Length: 9:09
Show
View Real Time Build Order
Export as new Build Order

Meteora Terran 

Build Orders: MMM Bio 

Get SALT Encoding   

  12  0:02  SCV  
  13  0:15  Supply Depot  
  13  0:18  SCV  
  14  0:27  Supply Depot  
  14  0:31  SCV  
  16  0:57  SCV, Barracks  
  16  1:21  Command Center  
  16  1:26  Refinery  
  16  1:27  SCV  
  18  1:40  SCV  
  18  1:48  Barracks  
  18  1:52  Marine  
  19  1:56  SCV  
  20  2:08  SCV  
  21  2:16  Marine  
  21  2:20  SCV  
  23  2:29  Refinery  
  23  2:32  SCV  
  24  2:40  Marine x2  
  25  2:56  SCV  
  25  2:57  Marine  
  27  3:08  SCV  
  27  3:12  Barracks  
  29  3:13  Orbital Command  
  29  3:17  Factory  
  27  3:22  SCV  
  27  3:42  SCV  
  28  3:51  Barracks Tech Lab  
  28  3:54  SCV, Barracks Reactor  
  29  3:56  SCV  
  29  3:57  Engineering Bay  
  30  4:02  Barracks Tech Lab  
  30  4:06  SCV  
  30  4:07  Factory Reactor  
  30  4:08  SCV  
  32  4:10  Starport  
  32  4:11  Marine  
  33  4:17  Stimpack  
  33  4:18  SCV  
  33  4:23  Marine  
  35  4:28  SCV  
  35  4:30  SCV  
  37  4:31  Marine x2  
  37  4:34  Marauder  
  41  4:40  SCV  
  41  4:41  Marine  
  41  4:42  SCV  
  44  4:48  Supply Depot  
  44  4:49  Terran Infantry Weapons Level 1  
  44  4:57  Marine x2  
  46  5:09  Marine x2  
  46  5:10  SCV  
  49  5:14  Medivac  
  49  5:17  SCV  
  49  5:20  Refinery  
  52  5:22  SCV, Refinery, Marine  
  52  5:26  Supply Depot  
  54  5:32  Supply Depot  
  54  5:36  Factory Tech Lab  
  54  5:39  Concussive Shells  
  54  5:47  SCV, Marine  
  54  5:48  Marauder  
  54  5:49  Supply Depot, SCV  
  43  6:15  Marine x3  
  43  6:16  Marine  
  43  6:33  Marine x2  
  43  6:38  Marine x2  
  43  6:39  Medivac x2  
  51  6:40  SCV  
  52  6:51  Marine x2  
  52  6:52  Liberator  
  52  6:53  SCV  
  55  6:55  Marine  
  55  6:57  Marine  
  55  6:59  Combat Shields  
  57  7:08  Marine  
  57  7:09  Marine  
  57  7:13  Marine  
  57  7:15  Marine  
  64  7:20  SCV  
  65  7:25  SCV  
  65  7:26  Marine x2  
  65  7:28  Command Center  
  68  7:31  Marine  
  68  7:32  SCV  
  68  7:34  Supply Depot  
  71  7:40  Marine  
  71  7:44  Marine x2  
  71  7:49  Marine  
  74  7:53  Medivac  
  74  7:54  Medivac  
  74  7:56  Siege Tank  
  81  7:58  Supply Depot  
  81  7:59  Marauder  
  81  8:02  Marine x2  
  81  8:03  Barracks  
  85  8:13  Orbital Command  
  85  8:20  Marauder x2, Marine x2  
  91  8:28  Siege Tank  
  94  8:37  Missile Turret  
  94  8:39  Marine x2  
  95  8:42  Marauder x2  
Show
View Real Time Build Order
Export as new Build Order

lesha Terran - Winner!

Build Orders: Reaper Expand, MMM Bio 

Get SALT Encoding   

  12  0:08  SCV  
  13  0:23  SCV  
  13  0:25  Supply Depot  
  14  0:40  SCV  
  15  0:45  Refinery  
  15  0:48  Barracks  
  15  0:52  SCV  
  16  1:04  SCV  
  17  1:16  SCV  
  18  1:28  SCV  
  19  1:36  Reaper  
  20  1:42  Command Center  
  20  1:46  Orbital Command  
  20  1:56  Refinery  
  20  2:12  Factory  
  20  2:13  Marine  
  21  2:16  SCV  
  22  2:24  Supply Depot  
  22  2:28  SCV  
  23  2:52  SCV  
  24  3:00  Marine  
  24  3:04  SCV  
  26  3:09  Starport  
  26  3:13  Barracks x2  
  26  3:17  SCV  
  26  3:18  Barracks, Marine  
  27  3:31  Orbital Command  
  27  3:43  Marine  
  27  3:47  Starport Reactor  
  28  3:50  SCV  
  29  3:58  Supply Depot  
  29  3:59  SCV  
  29  4:01  Marine  
  29  4:02  SCV  
  32  4:05  Barracks Reactor x2  
  32  4:09  Barracks Tech Lab  
  32  4:11  SCV  
  33  4:17  SCV  
  33  4:23  SCV  
  35  4:28  Marine  
  35  4:29  SCV, Marine  
  35  4:30  Engineering Bay  
  38  4:31  Stimpack  
  38  4:33  Medivac x2  
  42  4:44  Marine  
  42  4:45  Marine x3  
  44  4:46  Marine  
  44  4:47  Marine  
  48  5:07  Missile Turret, Marine x2  
  48  5:08  Supply Depot x2, Missile Turret, Marine  
  48  5:10  Missile Turret  
  51  5:19  SCV  
  51  5:20  SCV  
  53  5:23  Marine  
  53  5:26  Barracks Reactor  
  54  5:31  SCV  
  54  5:32  SCV  
  56  5:36  Marine x3  
  56  5:39  Marauder  
  56  5:40  Medivac x2  
  65  5:44  SCV  
  54  6:27  Marine x3  
  54  6:28  Marine x4  
  54  6:29  Medivac x2  
  65  6:38  Terran Infantry Weapons Level 1, Barracks  
  65  6:39  Combat Shields  
  65  6:42  Barracks  
  65  6:44  Barracks  
  65  6:45  Marine x5  
  70  6:56  Marine x2  
  70  7:00  Supply Depot, SCV x2  
  74  7:02  Command Center  
  74  7:03  Supply Depot, Marine x2  
  74  7:04  Supply Depot  
  76  7:12  SCV  
  76  7:13  SCV  
  76  7:14  Marauder  
  80  7:23  Marine x6  
  80  7:25  Supply Depot  
  87  7:34  Barracks Reactor  
  87  7:35  Barracks Reactor, Marine  
  87  7:36  Barracks Reactor  
  87  7:40  Marine  
  87  7:41  Marine x3  
  91  7:51  SCV x2  
  93  8:03  SCV x2  
  95  8:06  Marine x2  
  95  8:07  Marine x5  
  102  8:15  SCV x3  
  102  8:19  Marine x5  
  109  8:20  Marine  
  109  8:24  Marine x4  
  115  8:27  SCV  
  115  8:32  Armory  
Tags
 
Add a new tag
Caveats
  • Supply blocks, unpowered buildings, or Contaminate may cause inaccurate times.
  • Supply counts are checked every 10 seconds.